 Dungeon Crawl Stone Soup version 0.27-a0-660-g90476cec82 (webtiles) character file.

Game seed: 5926109661162511999

77 robertstho the Firebug (level 3, -4/40 HPs)
             Began as a Demigod Fire Elementalist on Mar 16, 2021.
             Killed from afar by Sigmund (10 damage)
             ... with a magic dart
             ... on level 2 of the Dungeon.
             The game lasted 00:02:32 (2532 turns).

robertstho the Firebug (Demigod Fire Elementalist)  Turns: 2532, Time: 00:02:32

Health: -4/40      AC:  2    Str:  6 (9)  XL:     3   Next: 92%
Magic:  9/9        EV: 12    Int: 18 (21) God:
Gold:   122        SH:  0    Dex: 18 (20) Spells: 5/6 levels left

rFire    . . .     SeeInvis .   j - +2 hunting sling (flame)
rCold    . . .     Faith    .   (no shield)
rNeg     . . .     Spirit   .   a - +0 robe
rPois    .         Reflect  .   (no helmet)
rElec    .         Harm     .   (no cloak)
rCorr    .         Rampage  .   (no gloves)
Will     .....                  (no boots)
Stlth    ..........             (no amulet)
HPRegen  0.13/turn              d - +6 ring of dexterity
MPRegen  0.11/turn              (no ring)

@: confused, berserking, slow
A: high mp 1, forlorn
a: no special abilities


You were on level 2 of the Dungeon.
You visited 1 branch of the dungeon, and saw 2 of its levels.

You collected 122 gold pieces.

Inventory:

Hand Weapons
 e - a +0 club
 j - a +2 hunting sling of flaming (weapon)
Missiles
 k - 154 stones (quivered ammo)
 s - 8 sling bullets
Armour
 a - a +0 robe (worn)
Jewellery
 d - a +6 ring of dexterity (right hand)
Scrolls
 b - 2 scrolls of teleportation {unknown}
 f - 2 scrolls of magic mapping {unknown}
 h - a scroll of fear {unknown}
 l - a scroll of immolation {unknown}
 n - a scroll of noise {unknown}
 r - a scroll of amnesia {unknown}
Potions
 g - 2 potions of berserk rage
 i - a potion of lignification {unknown}
 m - 2 potions of haste {unknown}
 o - 2 potions of invisibility {unknown}
 p - a potion of ambrosia {unknown}
 q - a potion of curing {unknown}


   Skills:
 + Level 0.4 Fighting
 + Level 1.4 Slings
 + Level 1.8 Dodging
 + Level 2.0 Stealth
 * Level 2.3 Spellcasting
 * Level 1.4 Conjurations
 * Level 3.2 Fire Magic


You had 5 spell levels left.
You knew the following spells:

 Your Spells              Type           Power      Damage    Failure   Level
a - Foxfire               Conj/Fire      40%        2x1d6     7%          1

Your spell library contained the following spells:

 Spells                   Type           Power      Damage    Failure   Level
 Conjure Flame            Conj/Fire      10%        6-21      21%         3
 Inner Flame              Hex/Fire       8%         N/A       26%         3
 Sticky Flame             Conj/Fire      10%        2d3       54%         4
 Fireball                 Conj/Fire      5%         3d5       88%         5


Dungeon Overview and Level Annotations

Branches:
Dungeon (2/15)

Annotations:
D:2 Sigmund


Innate Abilities, Weirdness & Mutations

Your attributes grow dramatically as you level up.
You have an increased reservoir of magic. (+10% MP)
You shall have no god before yourself.


Message History

You shoot a stone. The stone hits the bat.
The stone burns the bat.
The bat is severely wounded.
You shoot a stone. The stone closely misses the bat.
The bat hits you but does no damage.
You shoot a stone. The stone barely misses the bat.
Sigmund shouts!
The bat hits you but does no damage.
You shoot a stone. The stone hits the bat!
The stone burns the bat.
You kill the bat!
You hear a splash.
You shoot a stone. The stone hits Sigmund.
The stone burns Sigmund.
Sigmund is moderately wounded.
Sigmund casts a spell at you.
You are confused.
You are too confused!
You are too confused!
You are too confused!
You are too confused!
You enter the shallow water.
Moving in this stuff is going to be slow.
Sigmund barely misses you.
You see here a stone.
Sigmund barely misses you.
Sigmund hits you from afar with a +0 scythe!
You feel less confused. Sigmund hits you but does no damage.
Sigmund gestures at you while chanting.
You are confused.
You're too confused to move!
Sigmund misses you.
It was a potion of degeneration.
There was something very wrong with that liquid.
You feel weakened.
You feel dopey.
You feel clumsy. Sigmund hits you with a +0 scythe!
* * * LOW HITPOINT WARNING * * *
It was a potion of berserk rage.
A red film seems to cover your vision as you go berserk!
You feel yourself moving faster!
You feel mighty! Sigmund casts a spell at you. The magic dart hits you!
You die...

#.# #.###
#.# #...#
#.# ###.#
#.# #.# #(#
#.# #(# #.#
#(#
#÷#####@##
#....#♣(@##
#.#....≈≈≈#
#.#...P≈≈≈♣#
#.#...≈≈≈≈≈#
#.#....≈P≈≈#
#.#....≈≈≈##
#.####♣♣♣##
#.# #.#
#.#####.##


You could see Sigmund.

Vanquished Creatures
  2 adders (D:2)
  2 worms (D:2)
  2 leopard geckos (D:1)
  A ball python (D:2)
  5 bats
  A giant cockroach (D:1)
  13 goblins
  5 hobgoblins
  6 kobolds
  A quokka (D:2)
  2 frilled lizards
  9 rats
49 creatures vanquished.

Vanquished Creatures (others)
  62 foxfires (D:1)
  2 plants (D:2)
64 creatures vanquished.

Grand Total: 113 creatures vanquished

Notes
Turn   | Place    | Note
-------+----------+-------------------------------------------
     0 | D:1      | robertstho the Demigod Fire Elementalist began the quest
                  | for the Orb.
     0 | D:1      | Reached XP level 1. HP: 14/14 MP: 5/5
   200 | D:1      | Reached skill level 3 in Fire Magic
   279 | D:1      | Reached skill level 1 in Conjurations
   283 | D:1      | Reached XP level 2. HP: 20/20 MP: 0/7
  1298 | D:2      | Reached XP level 3. HP: 26/26 MP: 9/9
  1554 | D:2      | Reached skill level 1 in Slings
  2520 | D:2      | Noticed Sigmund
  2532 | D:2      | Killed from afar by Sigmund

Illustrated notes

Levels and vault maps discovered:
D:1:      saegor_arrival_simple_c, layout_basic, st_stairs_9
D:2:      layout_basic, serial_bayou, serial_bayou_crossing,
          serial_bayou_shore_b, serial_bayou_pond_e, serial_bayou_pond_b,
          serial_bayou_shore_b, uniq_sigmund

Skill      XL: |  1  2  3 |
---------------+----------+-----
Fire Magic     | 3 |  3.2
Spellcasting   | 2 |  2.3
Conjurations   | 1 |  1.4
Stealth        | 2 |  2.0
Slings         | 1 |  1.4
Fighting       | |  0.4
Dodging        | |  1.8

Action                   || total
-------------------------++-------
Melee: Club              ||     3
 Fire: Hunting sling     ||    81
 Cast: Foxfire           ||    39
  Use: Potion            ||     2
Armor: Robe              ||     4
Dodge: Dodged            ||    18

Table legend: (Time is in decaauts)
 A = Elapsed time spent in this place.
 B = Non-inter-level travel time spent in this place.
 C = Inter-level travel time spent in this place.
 D = Time resting spent in this place.
 E = Time spent auto-exploring this place.
 F = Levels seen in this place.
 G = Mean time per level.
                   A        B        C        D        E       F      G
               +--------+--------+--------+--------+--------+-----+--------+
         Total |   2564 |   2526 |     38 |      0 |   2231 |   2 | 1282.0 |
       Dungeon |   2564 |   2526 |     38 |      0 |   2231 |   2 | 1282.0 |
               +--------+--------+--------+--------+--------+-----+--------+

Top non-repeatable levels by time:
     D:1: 1299 daAuts
     D:2: 1265 daAuts
